 Dungeon Crawl Stone Soup version 0.24.0-13-gcf9b3192b9 (webtiles) character file.

Game seed: 2845248033722205133, levelgen mode: deterministic

194 tilp the Conjurer (level 5, -3/28 HPs)
             Began as a Tengu Air Elementalist on Nov 9, 2019.
             Killed by divine providence
             ... invoked by an orc priest
              (9 damage)
             ... on level 4 of the Dungeon.
             The game lasted 00:08:34 (3912 turns).

tilp the Conjurer (Tengu Air Elementalist)          Turns: 3912, Time: 00:08:34

Health: -3/28      AC:  2    Str:  8    XL:     5   Next: 73%
Magic:  2/9        EV: 14    Int: 17    God:
Gold:   198        SH:  0    Dex: 14    Spells: 2/8 levels left

rFire    . . .     SeeInvis .   w - +0 short sword (vamp)
rCold    . . .     Gourm    .   (no shield)
rNeg     . . .     Faith    .   j - -2 leather armour (curse)
rPois    .         Spirit   .   (helmet restricted)
rElec    .         Reflect  .   l - +0 cloak
rCorr    .         Harm     .   (no gloves)
MR       .....                  (boots unavailable)
Stlth    ++........             (no amulet)
HPRegen  0.09/turn              (no ring)
MPRegen  0.11/turn              (no ring)

@: flying quickly and evasively, quick
A: beak, talons 3, able to fly
a: Stop Flying


You were on level 4 of the Dungeon.
You were not hungry.

You visited 1 branch of the dungeon, and saw 4 of its levels.

You collected 198 gold pieces.

Inventory:

Hand Weapons
 a - a +0 dagger
 w - a +0 vampiric short sword (weapon)
Missiles
 m - 23 sling bullets
 p - 13 datura-tipped darts
 r - 6 poisoned darts
 s - 4 boomerangs (quivered)
Armour
 d - a +0 robe
 e - a +0 leather armour
 j - a cursed -2 leather armour (worn)
 l - a +0 cloak (worn)
Jewellery
 i - a cursed ring of teleportation {unknown}
 u - an uncursed ring of ice
Wands
 n - a wand of flame (16)
Scrolls
 b - a scroll of amnesia
 v - 3 scrolls of teleportation
Potions
 f - a potion of berserk rage
 g - a potion of mutation {unknown}
 h - a potion of lignification
 k - 2 potions of cancellation {unknown}
 o - a potion of might {unknown}
Comestibles
 c - 7 rations
 t - 4 chunks of flesh


   Skills:
 - Level 2.1 Dodging
 - Level 2.0 Stealth
 - Level 2.0 Spellcasting
 + Level 5.8 Conjurations
 + Level 5.8 Air Magic


You had 2 spell levels left.
You knew the following spells:

 Your Spells              Type           Power        Failure   Level  Hunger
a - Shock                 Conj/Air       ###.         2%          1    #......
b - Swiftness             Chrm/Air       ##......     13%         2    ###....
c - Static Discharge      Conj/Air       ###.....     8%          3    ###....

Your spell library contained the following spells:

 Spells                   Type           Power        Failure   Level  Hunger
 Airstrike                Air            ###.......   26%         4    #####..
 Lightning Bolt           Conj/Air       ###.......   56%         5    ######.


Dungeon Overview and Level Annotations

Branches:
Dungeon (4/15)
 Temple: D:4-7

Altars:
Elyvilon
Kikubaaqudgha


Innate Abilities, Weirdness & Mutations

You have a beak for a mouth.
You have claws for feet.
You can fly continuously.


Message History

* * * LOW HITPOINT WARNING * * *
The orc wizard hits you but does no damage.
There is an open door here.
Casting: Shock (safe; 2% risk of failure)
Confirm with . or Enter, or press ? or * to list all spells.
Aiming: Shock (safe; 2% risk of failure)
Press: ? - help, Shift-Dir - straight line The zap hits the bullfrog skeleton.
The bullfrog skeleton is moderately damaged.
The bullfrog skeleton hits you but does no damage.
The orc wizard casts a spell at you. The puff of frost misses you.
The orc wizard casts a spell.
The orc wizard flickers and vanishes!
Deactivating autopickup; reactivate with Ctrl-A.
The bullfrog skeleton hits you.
* * * LOW HITPOINT WARNING * * *
The orc priest invokes the aid of Beogh against you.
Beogh smites you!
You die...

########
##########......######
#>..........o...'.....
########.........oo#.#.##
#.....##.....o######.Z...
#............[# ####o#
#.............# #.#
#.........Z...# #Z#
##########...@.....# #o.
#<.................# ##.
##############.....# #.
#.....# ## ## #######
#... # #....## .......
..##... #([.


You could see an orc priest, an orc and a bullfrog skeleton.

Vanquished Creatures
  An orc wizard (D:2)
  A gnoll (D:2)
  2 adders (D:2)
  7 worms
  A dart slug (D:1)
  4 leopard geckos
  11 orcs
  2 ball pythons
  10 bats
  5 giant cockroaches
  8 goblins
  11 hobgoblins
  10 jackals
  A frilled lizard (D:3)
  13 kobolds
  6 rats
  A butterfly (D:4)
94 creatures vanquished.

Notes
Turn   | Place    | Note
-------+----------+-------------------------------------------
     0 | D:1      | tilp the Tengu Air Elementalist began the quest for the
                  | Orb.
     0 | D:1      | Reached XP level 1. HP: 10/10 MP: 4/4
   175 | D:1      | Reached XP level 2. HP: 15/15 MP: 3/6
   590 | D:1      | Reached XP level 3. HP: 19/19 MP: 3/7
   599 | D:1      | Learned a level 2 spell: Swiftness
   603 | D:1      | Learned a level 3 spell: Static Discharge
  1380 | D:2      | Found an ancient bone altar of Kikubaaqudgha.
  1530 | D:2      | Reached XP level 4. HP: 24/24 MP: 1/8
  2110 | D:2      | Found a white marble altar of Elyvilon.
  2240 | D:2      | Reached skill level 5 in Conjurations
  2270 | D:2      | Reached skill level 5 in Air Magic
  2734 | D:3      | Gained mutation: You can fly continuously. [Tengu growth]
  2734 | D:3      | Reached XP level 5. HP: 28/28 MP: 6/9
  3912 | D:4      | Killed from afar by an orc priest

Levels and vault maps discovered:
D:1:      minmay_arrival_arboretum_small, layout_basic
D:2:      layout_loops_corners, overflow_temple_1_default, lemuel_round_altar,
          cheibrodos_gnoll_hut
D:3:      minmay_skewed_foursquare, layout_rooms, first_ration,
          minmay_misc_feat_tiny
D:4:      layout_basic, nicolae_dithmenos_through_a_glass_darkly,
          overflow_temple_1_default, minmay_temple_entry_butterflies

Skill      XL: |  1  2  3  4 |
---------------+-------------+-----
Conjurations   | 2 3 4 5 |  5.8
Air Magic      | 5 |  5.8
Dodging        | |  2.1
Stealth        | |  2.0
Spellcasting   | |  2.0

Action                   |  1- 3 |  4- 6 || total
-------------------------+-------+-------++-------
Melee: Dagger            |    12 |     6 ||    18
       Kick              |     2 |     1 ||     3
       Peck              |     6 |     1 ||     7
       Short sword       |       |     5 ||     5
Throw: Stone             |     1 |     4 ||     5
 Cast: Shock             |    77 |   110 ||   187
 Abil: Fly               |       |     1 ||     1
  Use: Scroll            |     3 |     3 ||     6
  Eat: Chunk             |     3 |     9 ||    12
Armor: Robe              |     6 |       ||     6
       Leather armour    |     1 |     4 ||     5
Dodge: Dodged            |    29 |    22 ||    51
